 Dungeon Crawl Stone Soup version 0.22-a0-614-g34fbaa0 (webtiles) character file.

1530 royokou the Destroyer (level 8, -1/41 HPs)
             Began as a Deep Elf Conjurer on July 12, 2018.
             Was a Follower of Ashenzari.
             Slain by a river rat (9 damage)
             ... on level 5 of the Dungeon on July 13, 2018.
             The game lasted 00:20:54 (5464 turns).

royokou the Destroyer (Deep Elf Conjurer)           Turns: 5464, Time: 00:20:54

Health: -1/41      AC:  5    Str:  5    XL:     8   Next: 55%
Magic:  1/21       EV: 13    Int: 25    God:    Ashenzari [*.....]
Gold:   229        SH:  0    Dex: 15    Spells: 4/22 levels left

rFire    . . .     SeeInvis .   d - +0 dagger
rCold    . . .     Gourm    .   (no shield)
rNeg     + . .     Faith    .   a - +0 robe
rPois    .         Spirit   .   (no helmet)
rElec    .         Reflect  .   (no cloak)
rCorr    .         Harm     .   j - +2 pair of gloves
MR       .....                  (no boots)
Stlth    +.........             f - amulet of the acrobat
HPRegen  0.13/turn              m - +2 ring of intelligence
MPRegen  0.17/turn              p - ring of positive energy

@: very slow
A: no striking features
a: Curse Item, Scrying, Renounce Religion


You were on level 5 of the Dungeon.
You worshipped Ashenzari.
Ashenzari was aware of your devotion.
You were hungry.

You visited 1 branch of the dungeon, and saw 5 of its levels.

You collected 229 gold pieces.

Inventory:

Hand Weapons
 d - a +0 dagger (weapon)
Armour
 a - a +0 robe (worn)
 j - a +2 pair of gloves (worn)
 v - a +1 ring mail of poison resistance
Jewellery
 f - an amulet of the acrobat (around neck)
 m - a +2 ring of intelligence (left hand)
 p - a ring of positive energy (right hand)
 s - an uncursed amulet of the gourmand
Wands
 h - a wand of iceblast (8)
 u - a wand of polymorph (7)
Scrolls
 b - a scroll of blinking
 k - 3 scrolls of identify
Potions
 e - 5 potions of mutation
 g - 2 potions of might
 i - 2 potions of haste
 l - a potion of resistance
 n - a potion of curing
 o - a potion of brilliance
 q - 2 potions of flight
 r - 3 potions of heal wounds
Comestibles
 c - 10 rations


   Skills:
 - Level 2.4 Dodging
 - Level 2.4 Stealth
 + Level 7.8 Spellcasting
 * Level 9.7 Conjurations
 - Level 4.0 Hexes
 + Level 3.2 Translocations


You had 4 spell levels left.
You knew the following spells:

 Your Spells              Type           Power        Failure   Level  Hunger
a - Magic Dart            Conj           ####         1%          1    None
b - Searing Ray           Conj           ######       1%          2    None
c - Dazzling Spray        Conj/Hex       #####.       1%          3    None
d - Iskenderun's Mystic   Conj           ######..     1%          4    ##.....
e - Fulminant Prism       Conj/Hex       #####.....   3%          4    ##.....
f - Force Lance           Conj/Tloc      #####...     4%          4    ##.....

Your spell library contained the following spells:

 Spells                   Type           Power        Failure   Level  Hunger


Dungeon Overview and Level Annotations

Branches:
Dungeon (5/15)             Temple (0/1) D:4

Altars:
Ashenzari
Cheibriados
Xom
Yredelemnul


Message History

Casting: Dazzling Spray (safe; 1% risk of failure)
Confirm with . or Enter, or press ? or * to list all spells.
Aiming: Searing Ray (safe; 1% risk of failure)
Press: ? - help, Shift-Dir - straight line, f - leopard gecko
Aim: a leopard gecko The searing ray hits the leopard gecko.
You kill the leopard gecko! (Press . to maintain the ray.)
The river rat barely misses you.
Casting: Searing Ray (safe; 1% risk of failure)
Confirm with . or Enter, or press ? or * to list all spells.
You don't have enough magic to cast that spell.
You hit the river rat but do no damage.
The river rat is severely wounded.
The river rat bites you.
* * * LOW HITPOINT WARNING * * *
You hit the river rat but do no damage.
The river rat is severely wounded.
The river rat bites you!
You die...

###.# **≈≈****≈≈** (...#
*≈≈≈≈≈≈≈≈≈≈* ********** ....#
**≈≈****≈≈#* *,,,,,,,,## ....#
*≈**≈≈*#≈# *,,,,,,###. ....#
*≈≈≈≈∩≈#≈# *,,,,,##...
#.#.####≈≈≈≈≈≈#≈# *,,,,##....
#.#....####≈≈##≈# *,,,,#.....
#.#...##≈≈####≈r## ****,,,,#....#
..#....≈≈≈≈≈≈≈)†@# *,,,,,,*#.†...
###.####≈≈####≈≈####,,,,,,*#....#
.....'.####..####'.+,,,,,,+#....#
######(......#...#**,,,,,,*#....#
**####.......#...# *########....#
.,#..........#...####.....##....#
....................'.....'##....
..#...###############.....####...
###..g#***** #.....######.


You could see a river rat (blind).

Vanquished Creatures
  Menkaure (D:4)
  A black bear (D:5)
  A phantom (D:4)
  2 ice beasts (D:5)
  A necrophage (D:5)
  2 scorpions (D:5)
  2 bullfrog zombies (D:5)
  A crimson imp (D:5)
  5 hounds
  4 orc priests
  3 orc wizards
  Ijyb (D:3)
  A worker ant (D:4)
  2 iguanas
  A worker ant zombie (D:5)
  5 gnolls
  13 adders
  2 shadow imps (D:5)
  6 worms
  2 dart slugs
  4 leopard geckos
  12 orcs
  10 bats
  4 giant cockroaches
  A goblin (D:1)
  3 hobgoblins
  10 jackals
  2 quokkas
  A ball python (D:3)
  4 frilled lizards
  8 kobolds
  8 rats
  A butterfly (D:4)
124 creatures vanquished.

Vanquished Creatures (others)
  4 fulminant prisms
4 creatures vanquished.

Grand Total: 128 creatures vanquished

Notes
Turn   | Place    | Note
-------+----------+-------------------------------------------
     0 | D:1      | royokou the Deep Elf Conjurer began the quest for the Orb.
     0 | D:1      | Reached XP level 1. HP: 10/10 MP: 6/6
    67 | D:1      | Found a shattered altar of Ashenzari.
    78 | D:1      | Became a worshipper of Ashenzari the Shackled
   218 | D:1      | Reached XP level 2. HP: 11/15 MP: 8/8
   296 | D:1      | Learned a level 2 spell: Searing Ray
   738 | D:2      | Reached skill level 5 in Conjurations
   990 | D:2      | Reached XP level 3. HP: 19/19 MP: 1/10
  1245 | D:2      | Learned a level 3 spell: Dazzling Spray
  1307 | D:2      | Reached XP level 4. HP: 24/24 MP: 6/12
  1316 | D:2      | Reached skill level 6 in Conjurations
  1733 | D:2      | Reached XP level 5. HP: 24/28 MP: 8/14
  2062 | D:2      | Reached skill level 5 in Spellcasting
  2085 | D:2      | Learned a level 4 spell: Iskenderun's Mystic Blast
  2093 | D:2      | Learned a level 4 spell: Fulminant Prism
  2303 | D:3      | Reached * piety under Ashenzari
  2327 | D:3      | Reached skill level 1 in Hexes
  2471 | D:3      | Reached XP level 6. HP: 23/32 MP: 5/15
  2581 | D:3      | Noticed Ijyb
  2590 | D:3      | Killed Ijyb
  2590 | D:3      | Reached skill level 7 in Conjurations
  2836 | D:3      | Found a basalt altar of Yredelemnul.
  2878 | D:3      | Found a snail-covered altar of Cheibriados.
  3296 | D:4      | Found a shimmering altar of Xom.
  3351 | D:4      | Found a staircase to the Ecumenical Temple.
  3961 | D:4      | Noticed Menkaure
  3965 | D:4      | Killed Menkaure
  3965 | D:4      | Reached skill level 8 in Conjurations
  3965 | D:4      | Reached XP level 7. HP: 21/36 MP: 12/18
  4087 | D:4      | Learned a level 4 spell: Force Lance
  4551 | D:5      | Entered Level 5 of the Dungeon
  4793 | D:5      | Reached skill level 1 in Translocations
  4943 | D:5      | Reached XP level 8. HP: 41/41 MP: 8/20
  5047 | D:5      | Reached skill level 9 in Conjurations
  5464 | D:5      | Slain by a river rat

Vault maps used:
D:1:      dpeg_arrival_ratfight, serial_bayou_pond_e, minmay_stone_trees_medium,
          ashenzari_altar_1
D:3:      lemuel_doored_altar, cheibriados_altar_1, uniq_ijyb
D:4:      kennysheep_big_flooded_room, xom_teletrap_fun,
          minmay_temple_entry_butterflies, first_ration,
          minmay_misc_feat_more_columns, kennysheep_windowed_goal, uniq_menkaure
D:5:      gup_sewer_entry_bubbles, minmay_misc_feat_chi, nzn_random_ring

Skill      XL: |  1  2  3  4  5  6  7  8 |
---------------+-------------------------+-----
Conjurations   | 5 6 8 9 |  9.7
Spellcasting   | 4 5 6 7 |  7.8
Hexes          | 1 3 4 |  4.0
Translocations | 1 3 |  3.2
Dodging        | |  2.4
Stealth        | |  2.4

Action                   |  1- 3 |  4- 6 |  7- 9 || total
-------------------------+-------+-------+-------++-------
Melee: Dagger            |    58 |    60 |    14 ||   132
 Cast: Magic Dart        |    34 |    71 |    59 ||   164
       Searing Ray       |     6 |    22 |    24 ||    52
       Fulminant Prism   |       |     3 |     1 ||     4
       Dazzling Spray    |       |       |     1 ||     1
  Use: Scroll            |       |    12 |     1 ||    13
 Stab: Sleeping          |     1 |       |       ||     1
  Eat: Chunk             |     1 |     9 |     4 ||    14
Armor: Robe              |     7 |    12 |     7 ||    26
Dodge: Dodged            |    63 |    73 |    64 ||   200

Table legend:
 A = Spawn XP
 B = Non-spawn XP
 C = Spawn XP percentage of total XP
 D = Spawn monster count
 E = Non-spawn monster count
 F = Spawn count percentage of total count
 G = Total turns spent on level
                    A         B        C        D         E        F      G
               +---------+---------+-------+---------+---------+-------+---------
         Total |       0 |    2187 |   0.0 |       0 |     123 |   0.0 |  5464
               +---------+---------+-------+---------+---------+-------+---------
           D:1 |       0 |      24 |   0.0 |       0 |      17 |   0.0 |  1102
           D:2 |       0 |     253 |   0.0 |       0 |      31 |   0.0 |  1066
           D:3 |       0 |     242 |   0.0 |       0 |      22 |   0.0 |   985
           D:4 |       0 |     566 |   0.0 |       0 |      24 |   0.0 |  1398
           D:5 |       0 |    1102 |   0.0 |       0 |      29 |   0.0 |   913
               +---------+---------+-------+---------+---------+-------+---------
